 Dungeon Crawl Stone Soup version 0.19.1 (webtiles) character file.

1007 nikopol the Chopper (level 8, 0/106 HPs)
             Began as a Minotaur Berserker on Nov 28, 2016.
             Was an Elder of Trog.
             Splashed by a jelly's acid (10 damage)
             ... on level 5 of the Dungeon.
             The game lasted 00:09:04 (4269 turns).

nikopol the Chopper (Minotaur Berserker)            Turns: 4269, Time: 00:09:05

Health: 0/106      AC: -14   Str: 28    XL:     8   Next: 0%
Magic:  7/7        EV: 14    Int:  4    God:    Trog [****..]
Gold:   173        SH:  0    Dex: 11    Spells: 0 memorised, 7 levels left

rFire  . . .     SeeInvis .     a - +0 hand axe
rCold  . . .     Gourm    .     e - +0 leather armour (curse)
rNeg   . . .     Faith    .     (no shield)
rPois  .         Spirit   .     (helmet restricted)
rElec  .         Reflect  .     n - +0 cloak
rCorr  .         Harm     .     (no gloves)
MR     .....                    (no boots)
Stlth  ..........               (no amulet)
                                (no ring)
                                (no ring)

@: berserking, corroded, very quick
A: retaliatory headbutt, horns 2
a: Berserk, Trog's Hand, Brothers in Arms, Burn Spellbooks, Renounce Religion


You were on level 5 of the Dungeon.
You worshipped Trog.
Trog was greatly pleased with you.
You were very hungry.

You visited 1 branch of the dungeon, and saw 5 of its levels.

You collected 173 gold pieces.

Inventory:

Hand Weapons
 a - a +0 hand axe (weapon)
Missiles
 k - 68 arrows (quivered)
Armour
 b - a +0 animal skin
 e - a cursed +0 leather armour (worn)
 l - a cursed -2 ring mail
 n - a +0 cloak (worn)
Jewellery
 j - an uncursed ring of wizardry {unknown}
 m - an uncursed ring of wizardry {unknown}
 s - an uncursed amulet of magic regeneration {unknown}
Scrolls
 d - 6 scrolls of identify {unknown}
 q - a scroll of immolation {unknown}
 r - 3 scrolls of remove curse {unknown}
 w - a scroll of magic mapping {unknown}
 x - 2 scrolls of teleportation {unknown}
 y - a scroll of random uselessness {unknown}
 C - a scroll of enchant armour {unknown}
Potions
 f - 4 potions of lignification {unknown}
 g - a potion of beneficial mutation {unknown}
 h - a potion of heal wounds {unknown}
 o - 2 potions of might {unknown}
 p - a potion of magic {unknown}
 t - 2 potions of curing {unknown}
 u - a potion of invisibility {unknown}
 A - 2 potions of flight {unknown}
 B - a potion of mutation {unknown}
Books
 D - a book of Battle

   Spells                             Type                      Level
   a - Infusion                       Charms                       1
   b - Shroud of Golubria             Charms/Translocation         2
   c - Song of Slaying                Charms                       2
   d - Spectral Weapon                Hexes/Charms                 3
   e - Regeneration                   Charms/Necromancy            3
   Trog disapproves of the use of such an item.
Comestibles
 c - 5 bread rations
 i - 2 beef jerkies
 v - 3 meat rations
 z - 3 fruits


   Skills:
 + Level 6.4 Fighting
 + Level 6.6 Axes
 + Level 6.1 Armour
 + Level 5.5 Dodging


You had 7 spell levels left.
You didn't know any spells.

Dungeon Overview and Level Annotations

Branches:
Dungeon (5/15)
 Temple: D:4-7

Altars:
Fedhas
Ru


Innate Abilities, Weirdness & Mutations

You reflexively headbutt those who attack you in melee.
You have a pair of horns on your head.


Message History

You headbutt the centaur zombie, but do no damage.
You are too injured to fight recklessly!
You are too injured to fight recklessly!
You are too injured to fight recklessly!
A red film seems to cover your vision as you go berserk!
You feel yourself moving faster!
You feel mighty!
You are feeling very hungry.
The centaur zombie closely misses you. The jelly closely misses you.
The centaur zombie hits you!
* * * LOW HITPOINT WARNING * * *
You are too injured to fight recklessly!
You are too injured to fight recklessly!
You are too injured to fight recklessly!
You hit the jelly but do no damage. The acid corrodes you!
Your hands burn!
* * * LOW HITPOINT WARNING * * *
The jelly is moderately wounded.
You hit the centaur zombie. The jelly hits you.
* * * LOW HITPOINT WARNING * * *
The acid corrodes you!
You are splashed with acid!
The acid burns!
You die...

.. ... .... #..
#.. #W# ##
#########Z#...#
#.......@J...#
#.#########.##
#.# #.# #.#
##.# #..# #.##
#>#


You could see a phantom, a jelly and a centaur zombie.

Vanquished Creatures
  Eustachio (D:4)
  An orc warrior (D:4)
  The ghost of feelmyfire the Ruffian, an amateur DrCK of Xom (D:3)
  A scorpion (D:4)
  A howler monkey (D:4)
  A crimson imp (D:5)
  2 bullfrog zombies (D:5)
  A jelly (D:5)
  3 orc priests
  4 orc wizards
  5 worker ants
  Robin (D:3)
  5 adders
  A shadow imp (D:5)
  An ooze (D:2)
  A worm (D:3)
  2 dart slugs (D:1)
  3 leopard geckos
  15 orcs
  6 giant cockroaches
  14 goblins
  8 hobgoblins
  4 jackals (D:5)
  2 quokkas
  4 ball pythons
  A bat (D:1)
  A frilled lizard (D:2)
  7 kobolds
  A leopard gecko skeleton (D:5)
  4 rats
  13 fungi (D:5)
  3 plants (D:5)
118 creatures vanquished.

Notes
Turn   | Place    | Note
-------+----------+-------------------------------------------
     0 | D:1      | nikopol the Minotaur Berserker began the quest for the Orb.
     0 | D:1      | Reached XP level 1. HP: 19/19 MP: 0/0
   199 | D:1      | Reached XP level 2. HP: 27/27 MP: 1/1
   750 | D:2      | Reached XP level 3. HP: 33/33 MP: 2/2
   848 | D:2      | Reached ** piety under Trog
  1414 | D:3      | Noticed feelmyfire's ghost (amateur DrCK)
  1420 | D:3      | Reached XP level 4. HP: 40/40 MP: 3/3
  1424 | D:3      | Killed feelmyfire's ghost
  1424 | D:3      | Reached XP level 5. HP: 42/47 MP: 4/4
  1444 | D:3      | Found a sacrificial altar of Ru.
  1490 | D:3      | Noticed Robin
  1495 | D:3      | Killed Robin
  1878 | D:3      | Reached *** piety under Trog
  2258 | D:4      | Reached skill level 5 in Axes
  2269 | D:4      | Reached XP level 6. HP: 45/55 MP: 5/5
  2273 | D:4      | Reached skill level 5 in Fighting
  2288 | D:4      | HP: 4/84 [poisoned by a scorpion]
  2547 | D:4      | Noticed Eustachio
  2554 | D:4      | Reached skill level 5 in Armour
  2559 | D:4      | Killed Eustachio
  2559 | D:4      | Reached XP level 7. HP: 55/62 MP: 6/6
  3432 | D:5      | Entered Level 5 of the Dungeon
  3448 | D:5      | Reached skill level 5 in Dodging
  3522 | D:5      | Found a blossoming altar of Fedhas.
  4076 | D:5      | Reached **** piety under Trog
  4097 | D:5      | Reached XP level 8. HP: 43/71 MP: 7/7
  4269 | D:5      | Splashed by a jelly's acid

Skill      XL: |  1  2  3  4  5  6  7 |
---------------+----------------------+-----
Armour         | 3 4 5 6 |  6.1
Fighting       | 4 5 6 |  6.4
Axes           | 4 5 6 |  6.6
Dodging        | 3 4 5 |  5.5

Action                   |  1- 3 |  4- 6 |  7- 9 || total
-------------------------+-------+-------+-------++-------
Melee: Hand axe          |    70 |    89 |   198 ||   357
       Headbutt          |    12 |    16 |    57 ||    85
Invok: Berserk           |       |     3 |     2 ||     5
       Trog's Hand       |       |     1 |       ||     1
  Eat: Chunk             |     2 |     4 |     7 ||    13
       Pizza             |       |     1 |       ||     1
Armor: Leather armour    |    16 |    17 |    15 ||    48
Dodge: Dodged            |    40 |    44 |    56 ||   140
